 Dungeon Crawl Stone Soup version 0.27.1-35-g4d5d836560 (console) character file.

Game seed: 10776003272774562978

217 grimtooth the Chiller (level 5, 0/28 HPs)
             Began as a Gargoyle Ice Elementalist on Aug 15, 2022.
             Slain by an orc wizard (5 damage)
             ... on level 3 of the Dungeon.
             The game lasted 00:14:00 (2784 turns).

grimtooth the Chiller (Gargoyle Ice Elementalist)   Turns: 2784, Time: 00:14:01

Health: 0/28       AC:  6    Str: 11    XL:     5   Next: 94%
Magic:  10/11      EV: 11    Int: 17    God:
Gold:   130        SH:  0    Dex: 10    Spells: 5/12 levels left

rFire    . . .     SeeInvis .   a - +0 dagger (venom)
rCold    . . .     Faith    .   (no shield)
rNeg     + . .     Spirit   .   d - +0 robe
rPois    ∞         Reflect  .   (no helmet)
rElec    +         Harm     .   (no cloak)
rCorr    .         Rampage  .   (no gloves)
Will     .....                  (no boots)
Stlth    ++........             (no amulet)
HPRegen  0.09/turn              (no ring)
MPRegen  0.12/turn              (no ring)

@: mighty, invisible
A: sickness immunity, AC +4, negative energy resistance 1, electricity
resistance, torment resistance 1, petrification resistance
a: no special abilities


You were on level 3 of the Dungeon.
You visited 1 branch of the dungeon, and saw 3 of its levels.

You collected 130 gold pieces.

Inventory:

Hand Weapons
 a - a +0 dagger of venom (weapon)
 b - a +0 hunting sling
Missiles
 e - 7 boomerangs
 i - 68 stones (quivered)
 o - 14 sling bullets
Armour
 d - a +0 robe (worn)
Jewellery
 j - a ring of magical power
Scrolls
 g - a scroll of teleportation {unknown}
 k - a scroll of holy word {unknown}
 l - 4 scrolls of identify {unknown}
Potions
 c - a potion of might
 h - a potion of degeneration {unknown}
 m - a potion of lignification {unknown}
 n - a potion of resistance {unknown}


   Skills:
 - Level 1.5 Dodging
 - Level 2.1 Stealth
 - Level 4.0 Spellcasting
 + Level 5.8 Ice Magic


You had 5 spell levels left.
You knew the following spells:

 Your Spells              Type           Power      Damage    Failure   Level
a - Freeze                Ice            92%        1d10      1%          1
b - Ozocubu's Armour      Ice            23%        N/A       4%          3
c - Frozen Ramparts       Ice            46%        1d6       4%          3

Your spell library contained the following spells:

 Spells                   Type           Power      Damage    Failure   Level
 Static Discharge         Conj/Air       3%         N/A       24%         2
 Hailstorm                Conj/Ice       13%        3d5       43%         4
 Lightning Bolt           Conj/Air       1%         1d12      99%         5
 Maxwell's Capacitive Co  Air            1%         ∞         100%        8


Dungeon Overview and Level Annotations

Branches:
Dungeon (3/15)

Altars:
Hepliaklqana
Kikubaaqudgha
Nemelex Xobeh
Okawaru

Shops:
D:2 =


Innate Abilities, Weirdness & Mutations

You are immune to sickness and miasma.
Your stone body is resilient. (AC +4)
You are immune to poison.
You resist negative energy. (rN+)
You are resistant to electric shocks. (rElec)
You are resistant to unholy torment.
You are immune to petrification.


Message History

Found a faded altar of an unknown god.
An orc wizard comes into view. It is wielding a +0 quarterstaff.
Found a hazy altar of Hepliaklqana.
The orc wizard shouts!
Press: ? - help, v - describe, . - travel
Here: an orc wizard, wielding a +0 quarterstaff and wearing a +0 robe (thin mist)
The floor.
The orc wizard points at you and mumbles some strange words.
The puff of flame hits you.
Casting: Freeze (safe; 1% risk of failure)
Confirm with . or Enter, or press ? or * to list all spells.
Aiming: Freeze (safe; 1% risk of failure)
Press: ? - help, Shift-Dir - straight line, f - orc wizard
Aim: an orc wizard, wielding a +0 quarterstaff and wearing a +0 robe (thin mist)
You freeze the orc wizard!
The orc wizard is heavily wounded.
The orc wizard casts a spell at you.
You are confused.
You're too confused to move!
The orc wizard gestures wildly while chanting.
The orc wizard flickers and vanishes!
Deactivating autopickup; reactivate with Ctrl-A.
You're too confused to move!
Something hits you.
You're too confused to move!
Something hits you!
You closely miss something. Something hits you but does no damage.
You completely miss something.
You hear some strange, mumbled words.
A magic dart appears from out of thin air!
The magic dart hits you.
It was a potion of might.
You feel very mighty all of a sudden.
You feel less confused.
You hear some strange, mumbled words.
A puff of flame appears from out of thin air!
The puff of flame misses you.
You miss something. Something hits you.
* * * LOW HITPOINT WARNING * * *
It was a potion of invisibility.
You fade into invisibility!
Something hits you.
You die...

>######.#.#.........#
###.........#######.#
#.#####....#...##.#######
#..# #.####._.##.......#
###''####.#
#...########.#
#......#.#####...#####
#.####
#.⌠..⌠.#.#...........#
#....#
'..##..+.#._.§§#..§8.#
####.#
'..##..+.#..§§§§§§§..#
#.# #.⌠..⌠.# #§§{# #.#
#......# #§§@# #.#
###++### #§§§# ####.####
# #§§§# ###.......# #§§§#
#...##.##.# #§§§#
#......##.# ##§§§##
#...#####.# #§§§§§#
##..#####.#
##§§.§§######........#
...............########
#.############### .


There were no monsters in sight!

Vanquished Creatures
  3 vampire bats (D:3)
  A gnoll (D:3)
  A howler monkey skeleton (D:3)
  3 worms (D:2)
  2 dart slugs (D:1)
  4 orcs (D:3)
  7 ball pythons
  2 bat skeletons (D:3)
  5 bat zombies (D:3)
  2 endoplasms
  A giant cockroach (D:1)
  9 goblins
  4 hobgoblins
  4 jackals (D:1)
  A quokka (D:1)
  6 bats
  5 frilled lizards
  2 kobolds
  4 rats
66 creatures vanquished.

Notes
Turn   | Place    | Note
-------+----------+-------------------------------------------
     0 | D:1      | grimtooth the Gargoyle Ice Elementalist began the quest for
                  | the Orb.
     0 | D:1      | Reached XP level 1. HP: 10/10 MP: 3/3
   138 | D:1      | Reached XP level 2. HP: 13/15 MP: 1/5
   559 | D:1      | Reached XP level 3. HP: 18/19 MP: 6/6
   882 | D:1      | Learned a level 3 spell: Ozocubu's Armour
   886 | D:1      | Learned a level 3 spell: Frozen Ramparts
   917 | D:2      | Found a faded altar of an unknown god.
  1384 | D:2      | Found Putala's Jewellery Boutique.
  1651 | D:2      | Found a sparkling altar of Nemelex Xobeh.
  2148 | D:3      | Reached XP level 4. HP: 24/24 MP: 8/8
  2276 | D:3      | Found an ancient bone altar of Kikubaaqudgha.
  2301 | D:3      | Reached skill level 5 in Ice Magic
  2301 | D:3      | Reached XP level 5. HP: 18/28 MP: 8/10
  2612 | D:3      | Found an iron altar of Okawaru.
  2772 | D:3      | Found a faded altar of an unknown god.
  2773 | D:3      | Found a hazy altar of Hepliaklqana.
  2784 | D:3      | Slain by an orc wizard

Illustrated notes

Levels and vault maps discovered:
D:1:      dpeg_arrival_lava_temple_mockup, layout_loops_ring, moated_statue,
          wad_floor_pattern_1
D:2:      layout_loops_ring, serial_shops, shop, basic_altar,
          hellmonk_ecumenical_altar_arch_garden, nrook_loot_triangle
D:3:      layout_loops_cross, beargit_hepliaklqana_dungeon_heroes,
          kennysheep_vampire_church, okawaru_altar_gauntlet_db,
          kennysheep_generic_room_15

Skill      XL: |  1  2  3  4  5 |
---------------+----------------+-----
Spellcasting   | 3 4 |  4.0
Ice Magic      | 5 |  5.8
Dodging        | |  1.5
Stealth        | |  2.1

Action                   |  1- 3 |  4- 6 || total
-------------------------+-------+-------++-------
Melee: Dagger            |    46 |    86 ||   132
       Unarmed           |     2 |       ||     2
 Fire: Hunting sling     |    31 |    24 ||    55
Throw: Stone             |    38 |     1 ||    39
       Throwing net      |     1 |       ||     1
 Cast: Freeze            |    28 |     6 ||    34
  Use: Potion            |       |     2 ||     2
 Stab: Sleeping          |     1 |       ||     1
Armor: Robe              |    32 |    96 ||   128
Dodge: Dodged            |    55 |   128 ||   183
